Map: Eternal Empire LE

Players

soul - Winner!

  • Race: Terran Terran
  • League: Grandmaster
  • Spawn Location: 1:00

Couguar

  • Race: Protoss Protoss
  • League: Grandmaster
  • Spawn Location: 7:00

Event: DreamHack SC2 Masters 2020 Fall

VOD

Have the link to the VOD?

Description

Time

  • Played on: Sept. 6, 2020, 1:05 p.m.
  • Length: 10:46

All games in this series

Show
View Real Time Build Order
Export as new Build Order

soul Terran - Winner!

Build Orders: Gas First Reaper Expand 

Get SALT Encoding   

  12  0:00  SCV  
  13  0:12  SCV  
  14  0:17  Supply Depot  
  14  0:24  SCV  
  14  0:27  Refinery  
  15  0:38  SCV  
  16  0:45  Barracks  
  16  0:50  SCV  
  17  1:03  SCV  
  18  1:15  SCV  
  19  1:32  Orbital Command, Reaper  
  20  1:48  Command Center  
  20  1:59  Factory  
  20  2:02  SCV  
  20  2:07  Barracks Reactor  
  21  2:15  SCV  
  22  2:17  Supply Depot  
  22  2:21  Refinery  
  22  2:27  SCV  
  23  2:39  SCV  
  24  2:46  Starport  
  24  2:51  Hellion x2  
  28  2:52  SCV  
  29  3:00  Orbital Command  
  29  3:02  Barracks Tech Lab  
  29  3:12  Hellion x2  
  33  3:16  SCV  
  34  3:23  Medivac  
  34  3:25  SCV  
  37  3:29  SCV  
  42  3:38  SCV  
  42  3:47  SCV  
  39  3:50  Siege Tank, Supply Depot, Marine x2  
  39  3:53  SCV  
  45  3:57  Supply Depot  
  45  4:01  SCV  
  45  4:02  Bunker  
  46  4:12  Viking, SCV  
  46  4:13  SCV  
  46  4:16  Supply Depot  
  50  4:19  Marine  
  50  4:22  Siege Tank  
  54  4:24  SCV, Marine  
  54  4:27  SCV  
  57  4:37  Marine  
  58  4:42  SCV  
  59  4:47  Marine  
  59  4:50  SCV  
  51  4:54  Siege Tank, SCV  
  51  4:55  Marine  
  51  4:57  Viking  
  51  4:59  Command Center  
  58  5:06  SCV  
  59  5:07  Barracks  
  59  5:12  Barracks, SCV  
  60  5:16  Refinery  
  60  5:17  Refinery  
  60  5:18  SCV  
  61  5:23  Supply Depot  
  61  5:24  SCV  
  62  5:29  Engineering Bay  
  62  5:30  Engineering Bay, SCV  
  62  5:31  Starport Reactor  
  63  5:36  SCV, Marine  
  63  5:37  Factory Reactor, Marine  
  63  5:42  SCV  
  67  5:47  Armory  
  67  5:48  SCV  
  68  5:54  SCV, Marine  
  70  5:59  Missile Turret  
  70  6:00  Terran Infantry Armor Level 1, Terran Infantry Weapons Level 1  
  70  6:02  Barracks Tech Lab, SCV  
  71  6:09  Marauder  
  73  6:11  Stimpack  
  73  6:14  SCV  
  74  6:20  Combat Shield  
  74  6:22  Marine  
  74  6:23  Marauder  
  77  6:26  Orbital Command, Factory Tech Lab  
  77  6:30  SCV  
  77  6:31  Marauder  
  80  6:33  Orbital Command  
  80  6:37  SCV  
  81  6:48  Drilling Claws, Widow Mine  
  81  6:53  Marine  
  84  6:54  SCV x2, Marauder  
  84  6:58  Barracks  
  84  7:00  Barracks  
  86  7:01  Supply Depot  
  86  7:02  Supply Depot  
  86  7:04  Marauder, Marine  
  89  7:09  Medivac x2  
  89  7:14  Supply Depot  
  89  7:15  SCV  
  93  7:23  Widow Mine, Marauder, SCV, Marine  
  93  7:27  SCV  
  93  7:28  Marine  
  93  7:29  Marauder  
  103  7:32  Orbital Command  
  103  7:37  SCV  
  103  7:39  SCV  
  103  7:40  Supply Depot  
  103  7:41  Supply Depot, Marine  
  105  7:45  Medivac x2, Marauder  
  105  7:46  Marine  
  105  7:49  SCV, Barracks Reactor  
  105  7:50  Barracks Tech Lab, Widow Mine, Marauder  
  117  7:51  Concussive Shells  
  117  8:01  SCV x3  
  117  8:02  Supply Depot  
  117  8:03  Supply Depot  
  117  8:05  Supply Depot  
  120  8:06  Bunker  
  120  8:10  Missile Turret, Marauder  
  122  8:14  Medivac, SCV  
  122  8:15  Medivac  
  126  8:23  SCV  
  126  8:24  Refinery x2, Marauder, SCV  
  126  8:25  Marauder  
  134  8:27  Widow Mine  
  134  8:28  Widow Mine  
  134  8:30  SCV  
  134  8:31  Marauder  
  138  8:39  Bunker, Marine x3  
  141  8:41  Marine  
  141  8:42  Bunker  
  141  8:46  Marauder x2  
  144  8:52  Marauder  
  145  8:57  Marine x3  
  145  8:58  Widow Mine  
  145  8:59  Marine  
  141  9:07  Marauder x2  
  127  9:12  SCV x2  
  127  9:14  Marauder  
  127  9:15  Marine x3  
  128  9:17  Marine  
  128  9:20  Orbital Command  
  126  9:24  SCV  
  126  9:27  SCV  
  126  9:29  Marauder x2  
  132  9:33  Marine x2  
  132  9:35  Marauder, Marine  
  132  9:36  Medivac, SCV  
  140  9:39  SCV  
  140  9:42  Widow Mine  
  143  9:48  SCV, Marine  
  143  9:50  Marauder x2  
  148  9:54  Marine  
  148  9:58  SCV  
  148  9:59  Marauder  
  149  10:01  Supply Depot  
  149  10:02  Supply Depot  
  149  10:03  Marine  
  149  10:05  SCV  
  149  10:18  Marauder  
  149  10:20  Marine  
  149  10:22  Marauder x2, Marine x3  
Show
View Real Time Build Order
Export as new Build Order

Couguar Protoss 

Build Orders: 1 Gate Expand, Colossus Rush 

Get SALT Encoding   

  12  0:00  Probe  
  13  0:12  Probe  
  14  0:17  Pylon  
  14  0:24  Probe (Chrono Boost)  
  16  0:36  Gateway  
  16  0:37  Probe (Chrono Boost)  
  16  0:43  Probe (Chrono Boost)  
  16  0:47  Assimilator  
  17  0:51  Probe  
  18  1:03  Probe (Chrono Boost)  
  19  1:13  Probe (Chrono Boost)  
  20  1:23  Nexus  
  20  1:34  Cybernetics Core  
  20  1:37  Probe  
  21  1:41  Assimilator  
  21  1:49  Probe  
  21  1:52  Pylon  
  22  2:01  Probe  
  22  2:07  Pylon  
  23  2:10  Sentry (Chrono Boost)  
  23  2:13  Probe  
  23  2:14  Warp Gate  
  26  2:26  Probe  
  26  2:27  Stalker  
  29  2:41  Probe (Chrono Boost)  
  29  2:42  Probe (Chrono Boost)  
  31  2:52  Robotics Facility  
  31  2:53  Shield Battery, Probe (Chrono Boost)  
  33  2:59  Probe x2 (Chrono Boost)  
  33  3:04  Stalker  
  36  3:08  Probe  
  36  3:10  Probe  
  38  3:18  Gateway  
  38  3:20  Probe  
  40  3:31  Gateway  
  40  3:32  Probe  
  40  3:43  Shield Battery  
  40  3:44  Probe (Chrono Boost)  
  40  3:45  Observer  
  40  3:46  Probe (Chrono Boost)  
  43  3:49  Robotics Bay  
  43  3:55  Probe x2 (Chrono Boost)  
  45  3:56  Pylon  
  45  3:59  Probe (Chrono Boost)  
  46  4:05  Stalker  
  48  4:10  Warp Prism (Chrono Boost)  
  48  4:12  Probe  
  51  4:18  Stalker  
  51  4:22  Probe  
  54  4:24  Assimilator  
  54  4:25  Pylon  
  54  4:30  Probe  
  55  4:32  Stalker  
  55  4:38  Stalker  
  49  4:53  Probe x2  
  49  4:56  Colossus (Chrono Boost)  
  51  5:06  Probe  
  58  5:08  Probe  
  59  5:14  Gravitic Drive  
  59  5:18  Probe  
  59  5:20  Probe  
  61  5:30  Probe  
  61  5:32  Probe  
  61  5:33  Twilight Council  
  63  5:42  Probe  
  64  5:44  Nexus  
  64  5:46  Pylon  
  64  5:47  Probe  
  65  5:54  Gateway  
  65  5:59  Probe  
  65  6:00  Probe  
  67  6:04  Stalker  
  67  6:05  Charge (Chrono Boost)  
  69  6:11  Probe  
  69  6:12  Probe  
  71  6:23  Templar Archives, Probe  
  71  6:24  Probe  
  73  6:32  Forge  
  73  6:34  Gateway  
  73  6:36  Probe x2  
  73  6:37  Gateway  
  75  6:47  Gateway  
  75  6:50  Pylon  
  75  6:59  Probe  
  76  7:03  Pylon, Probe x2  
  76  7:04  Protoss Ground Armor Level 1 (Chrono Boost)  
  77  7:11  Probe  
  77  7:14  Zealot  
  77  7:15  Zealot x3, Probe x2  
  87  7:16  Pylon  
  88  7:23  Probe  
  88  7:25  Pylon  
  88  7:27  Probe x2  
  91  7:33  Blink  
  91  7:34  Zealot x2  
  91  7:35  Zealot x2, Probe  
  100  7:39  Probe  
  101  7:47  Gateway  
  101  7:48  Observer  
  101  7:49  Gateway, Pylon  
  101  7:56  High Templar x2  
  101  7:57  Zealot  
  107  8:04  Pylon, Archon  
  107  8:05  High Templar x2  
  111  8:06  Zealot x2  
  115  8:13  Forge  
  115  8:15  Archon, Pylon  
  115  8:17  Probe x3  
  118  8:22  Assimilator  
  118  8:27  Nexus  
  118  8:29  Probe x2  
  118  8:47  Zealot x2  
  118  8:48  Zealot x7  
  134  8:52  Warp Prism  
  106  9:06  Probe x2  
  106  9:07  Photon Cannon  
  106  9:08  Probe  
  106  9:09  Photon Cannon  
  104  9:13  Photon Cannon  
  92  9:18  Probe x2  
  92  9:20  Probe  
  88  9:28  Observer  
  88  9:30  Probe x2  
  89  9:32  Probe  
  90  9:41  Stalker  
  90  9:42  Probe x2  
  90  9:44  Probe  
  86  9:54  Probe x2  
  86  9:57  Probe  
  87  10:00  High Templar x3  
  87  10:02  High Templar  
  87  10:03  Zealot  
  87  10:04  Archon  
  87  10:06  Probe x2, Archon  
  98  10:09  Disruptor (Chrono Boost)  
  70  10:30  Zealot x2  
  70  10:31  Zealot x3  

Tags
 
Add a new tag
Caveats
  • Supply blocks, unpowered buildings, or Contaminate may cause inaccurate times.
  • Supply counts are checked every 10 seconds.